 Dungeon Crawl Stone Soup version 0.31.0-11-ge490571c62 (webtiles) character file.

Game seed: 12353822512704943908

1 qw the Shooter (level 1, -1/10 HPs)
             Began as a Spriggan Hunter on Feb 4, 2024.
             Slain by a kobold
             ... wielding a +0 short sword
              (4 damage)
             ... on level 1 of the Dungeon.
             The game lasted 00:00:00 (34 turns).

qw the Shooter (Spriggan Hunter)                      Turns: 34, Time: 00:00:00

Health: -1/10      AC:  2    Str:  7    XL:     1   Next: 16%
Magic:  2/2        EV: 18    Int: 10    God:
Gold:   3          SH:  0    Dex: 18    Spells: 0/0 levels left

rFire   . . .        a - +0 shortbow
rCold   . . .        (shield currently unavailable)
rNeg    . . .        c - +0 robe
rPois   .            (helmet restricted)
rElec   .            (no cloak)
rCorr   .            (gloves unavailable)
SInv    +            (boots unavailable)
Will    .....        (no amulet)
Stlth   ++           (no ring)
HPRegen 0.21/turn    (no ring)
MPRegen 0.08/turn

%: no passive effects
@: very quick
A: very small, no large weapons, unfitting armour, see invisible, speed 3
a: no special abilities


You were on level 1 of the Dungeon.
You visited 1 branch of the dungeon, and saw 1 of its levels.

You collected 3 gold pieces.


Innate Abilities, Weirdness & Mutations

You are very small and have problems with some larger weapons.
You are too small for most types of armour.
You have supernaturally acute eyesight. (SInv)
You cover ground extremely quickly. (Speed+++)


   Skills:
 - Level 1.5 Fighting
 - Level 4.0 Ranged Weapons
 + Level 2.9 Dodging
 - Level 1.5 Stealth


You couldn't memorise any spells.
You didn't know any spells.
Your spell library was empty.

Inventory:

Hand Weapons
 a - a +0 shortbow (weapon)
Armour
 c - a +0 robe (worn)
Scrolls
 b - a scroll of butterflies
Potions
 d - a potion of berserk rage {unknown}

Dungeon Overview and Level Annotations

Branches:
Dungeon (1/15)

Altars:


Message History

It's a long way down to the Orb of Zot, but that shouldn't be any trouble.
Press ? for a list of commands and other information.
Found a staircase leading out of the dungeon.
Waypoint 0 assigned to D:1.
0 ||| PLANNING D:1-11
There is a fountain of clear blue water here.
You open the door.
There is an open door here.
You now have 3 gold pieces.
Found a book of Frost.
Found a sling.
You see here a book of Frost.
d - a viscous white potion A hobgoblin and a kobold come into view.
You shoot an arrow.
The arrow hits the hobgoblin but does no damage.
The hobgoblin shouts!
The kobold shouts!
You shoot an arrow. The arrow hits the hobgoblin.
The hobgoblin is lightly wounded.
A goblin comes into view. It is wielding a +0 dagger.
The hobgoblin completely misses you.
You shoot an arrow. The arrow hits the hobgoblin.
The hobgoblin is severely wounded.
The hobgoblin hits you.
Ouch! That really hurt!
A quokka comes into view.
You shoot an arrow.
The arrow hits the hobgoblin but does no damage.
The hobgoblin is severely wounded.
An endoplasm comes into view.
The hobgoblin hits you.
You shoot an arrow. The arrow hits the hobgoblin!
You kill the hobgoblin!
The kobold closely misses you.
You shoot an arrow. The arrow closely misses the kobold.
The quokka completely misses you.
A frilled lizard comes into view.
The kobold hits you with a +0 short sword.
You die...

...... .#... .. ...#
...... .#.####
#.##..##...#.
................ ...l
.#.#.##..#.#...# ...#
...#.##..#.#...# ...#
#..........#...# ...#
#....##........##Kg.#...
...####..).....r@...J...
.8..................#...
....:..............##
#.........###..##..#
#...###...# #........
..#.. #...# #.........
....................#..
#######.......!.......#
#..####..##...


You could see an endoplasm, a quokka, a goblin, a kobold and a frilled lizard
(wandering).

Vanquished Creatures
  A hobgoblin (D:1)
1 creature vanquished.

Notes
Turn   | Place    | Note
-------+----------+-------------------------------------------
     0 | D:1      | qw the Spriggan Hunter began the quest for the Orb.
     0 | D:1      | Reached XP level 1. HP: 10/10 MP: 2/2
     0 | D:1      | 0 ||| qw: Version: 0.3-a-160-g6735b56
     0 | D:1      | 0 ||| qw: Game counter: 5624
     0 | D:1      | 0 ||| qw: Melee chars always use a shield: true
     0 | D:1      | 0 ||| qw: God list: Okawaru
     0 | D:1      | 0 ||| qw: Allow faded altars: false
     0 | D:1      | 0 ||| qw: Do Orc after clearing Dungeon:15 true
     0 | D:1      | 0 ||| qw: Do second Lair branch before Depths: true
     0 | D:1      | 0 ||| qw: Lair rune preference: random
     0 | D:1      | 0 ||| qw: Goals: Normal
     0 | D:1      | 0 ||| PLANNING D:1-11
    32 | D:1      | HP: 2/10 [hobgoblin (3)]
    34 | D:1      | Slain by a kobold

Levels and vault maps discovered:
D:1:      grunt_arrival_crossed_arrows, layout_basic

Action                     || total
---------------------------++-------
   Fire: Shortbow          ||     6
 Armour: Robe              ||     3
  Dodge: Dodged            ||     3

Table legend:
 A = Non-vault XP
 B = Vault XP
 C = Vault XP percentage of total XP
 D = Non-vault monster count
 E = Vault monster count
 F = Vault count percentage of total count
                 A         B        C        D         E       F
            +---------+---------+-------+---------+---------+-------
      Total |       2 |       0 |   0.0 |       1 |       0 |   0.0
            +---------+---------+-------+---------+---------+-------
        D:1 |       2 |       0 |   0.0 |       1 |       0 |   0.0
            +---------+---------+-------+---------+---------+-------
